 Dungeon Crawl Stone Soup version 0.18-a0-1523-gbe15c29 (webtiles) character file.

2205 M4edhros the Unseen (level 9, -1/42 HPs)
             Began as an Octopode Artificer on Mar 7, 2016.
             Hit by a tomahawk of returning thrown by a kobold (6 damage)
             ... in a bailey.
             The game lasted 00:22:10 (10457 turns).

M4edhros the Unseen (Octopode Artificer)           Turns: 10457, Time: 00:22:10

Health: -1/42      AC:  6    Str: 11      XL:     9   Next: 34%
Magic:  11/11      EV: 12    Int: 14      God:    Xom [*.....]
Gold:   422        SH:  6    Dex: 14 (15) Spells: 0 memorised, 8 levels left

rFire  . . .     SeeInvis .     r - +1 dagger (elec)
rCold  . . .     Gourm    .     (no shield)
rNeg   . . .     Faith    .     (helmet restricted)
rPois  .         Spirit   .     B - +6 amulet of reflection
rElec  .         Dismiss  .     x - ring of flight
rCorr  +         Reflect  +     H - ring of resist corrosion
SustAt .         Harm     .     I - ring of protection from magic
MR     +....     Rnd*Rage +     (no ring)
Stlth  ++++++++..               (no ring)
                                (no ring)
                                (no ring)
                                (no ring)

@: very slightly contaminated, hasted, very quick, somewhat resistant to hostile
enchantments, extraordinarily stealthy
A: almost no armour, amphibious, 8 rings, constrict 8, tentacle spike 1, icy
blue scales 1, iridescent scales 1, camouflage 1, berserk 1, frail 2, wild magic
1, gelatinous body 1, evolution 1
a: Renounce Religion, Evoke Flight


You were in a bailey.
You worshipped Xom.
You were a special plaything of Xom.
You were not hungry.

You visited 1 branch of the dungeon, and saw 8 of its levels.
You also visited: Bailey.

You collected 422 gold pieces.

Inventory:

Hand Weapons
 o - a +1 dagger of speed
 r - a +1 dagger of electrocution (weapon)
 u - a +0 hunting sling
 O - a +0 halberd of chaos
Missiles
 v - 187 stones (quivered)
 K - 22 sling bullets
Jewellery
 x - a ring of flight (left tentacle)
 B - a +6 amulet of reflection (around mantle)
 H - a ring of resist corrosion (right tentacle)
 I - a ring of protection from magic (on tentacle)
Wands
 b - a wand of flame (9/48)
 c - a wand of enslavement (9/24)
 d - a wand of random effects (19/48)
 M - a wand of random effects (33/48)
 N - a wand of random effects (21/48)
Scrolls
 a - 2 scrolls of amnesia
 e - 3 scrolls of random uselessness
 h - a scroll of magic mapping
 k - 2 scrolls of blinking
 m - a scroll of recharging
 p - 4 scrolls of remove curse
 q - a scroll of immolation
 s - a scroll of noise
 w - 2 scrolls of teleportation
 y - a scroll of brand weapon
 A - a scroll of fog
 C - a scroll of fear
 E - 2 scrolls of enchant armour
Potions
 t - a potion of curing
 G - 2 potions of brilliance
 P - 2 potions of flight
Books
 F - a Grand Grimoire

   Spells                             Type                      Level
   a - Monstrous Menagerie            Summoning                    7
   b - Summon Greater Demon           Summoning                    7
   c - Malign Gateway                 Summoning/Translocation      7
   d - Summon Horrible Things         Summoning                    8
Comestibles
 f - 3 bread rations
 g - 8 fruits
 i - a royal jelly
 n - 3 meat rations
 D - a slice of pizza


   Skills:
 - Level 1.0 Fighting
 - Level 1.0 Short Blades
 - Level 2.0 Dodging
 + Level 16.0 Stealth
 - Level 3.2 Evocations


You had 8 spell levels left.
You didn't know any spells.

Dungeon Overview and Level Annotations

Branches:
Dungeon (8/15)             Temple (0/1) D:6
   Lair: D:8-11

Altars:
Ashenzari
Dithmenos
Kikubaaqudgha
Makhleb
Nemelex Xobeh
Qazlal
Ru
Sif Muna
Xom

Annotations:
Bailey PeterLawrence's ghost, journeyman GrFi


Innate Abilities, Weirdness & Mutations

You cannot wear most types of armour.
You are amphibious.
You can wear up to eight rings at the same time.
You can use your tentacles to constrict eight enemies at once.
Your skin changes colour to match your surroundings (Stealth).
Your rubbery body absorbs attacks (AC +1).
One of your tentacles bears a spike.
You are partially covered in icy blue scales (AC +1).
You are partially covered in iridescent scales (AC +4).
You tend to lose your temper in combat.
You are very frail (-20% HP).
Your spells are a little harder to cast, but a little more powerful.
You evolve.


Message History

This wand has 11 charges left.
PeterLawrence's ghost hits you!!
Ouch! That really hurt!
* * * LOW HITPOINT WARNING * * *
The orc knight grunts repeatedly.
Evoke which item? (* to show all) (? for menu, Esc to quit)
Zapping:
b - a wand of flame (11/48)
Press: ? - help, Shift-Dir - straight line, f/p - PeterLawrence's ghost
Aim: PeterLawrence's ghost, wielding a weapon of protection (water, lightly damaged, slow)
The puff of flame misses PeterLawrence's ghost.
This wand has 10 charges left.
Evoke which item? (* to show all) (? for menu, Esc to quit)
Zapping:
b - a wand of flame (10/48)
Press: ? - help, Shift-Dir - straight line, f/p - PeterLawrence's ghost
Aim: PeterLawrence's ghost, wielding a weapon of protection (water, lightly damaged, slow) This wand has 9 charges left.
The kobold shouts!
You hear a shout! x3
The kobold throws a tomahawk of returning.
The tomahawk of returning hits you.
You die...
Xom roars with laughter!

##.......## ##.....##
##...### ####...##
####.....## ###.......##
####.(....∩..##
###...!.§§§§§.§.##
#.......@≈≈W§§≈≈§≈###
......≈≈≈§§§§§≈≈≈≈≈≈###
....≈≈≈≈≈#########≈≈≈≈###
.≈≈≈≈≈≈≈K#KogKgK.#∩≈≈≈≈≈#
≈≈≈≈≈.####.oKoo..####≈≈≈≈
≈.K...#..####g####..#.≈≈≈
....#'#.. ... ....###..
... #. ##'####..' #.. W..
#K #KK# #..


You could see an orc knight, an orc warrior, PeterLawrence's ghost, a goblin and
3 kobolds.

Vanquished Creatures
  Grinder (D:5)
  Menkaure (D:5)
  A sky beast (D:7)
  An orc warrior (D:7)
  3 phantoms
  An ogre (D:8)
  Blork the orc (D:6)
  3 scorpions
  4 killer bees (D:7)
  A water moccasin skeleton (D:6)
  A quasit (D:8)
  2 giant frog zombies
  3 crimson imps
  2 hounds
  2 orc priests
  4 orc wizards
  2 iguanas
  4 worker ants
  A hound skeleton (D:4)
  4 gnolls
  7 adders
  3 shadow imps
  An adder skeleton (D:4)
  An adder zombie (D:5)
  5 worms
  6 dart slugs
  8 giant geckos
  18 orcs
  4 giant cockroaches
  13 goblins
  11 hobgoblins
  6 jackals
  4 quokkas
  2 ball pythons
  13 bats
  2 giant gecko skeletons
  4 giant newts
  10 kobolds
  11 rats
171 creatures vanquished.

Vanquished Creatures (collateral kills)
  An orc wizard (D:4)
  A shadow imp (D:8)
  A worm (D:4)
  5 orcs
  A quokka (D:8)
9 creatures vanquished.

Vanquished Creatures (others)
  A giant frog zombie (D:8)
  An orc priest (D:4)
2 creatures vanquished.

Grand Total: 182 creatures vanquished

Notes
Turn   | Place    | Note
--------------------------------------------------------------
     0 | D:1      | M4edhros the Octopode Artificer began the quest for the Orb.
     0 | D:1      | Reached XP level 1. HP: 13/13 MP: 3/3
    56 | D:1      | Reached skill level 2 in Stealth
    88 | D:1      | Reached XP level 2. HP: 11/18 MP: 4/4
    98 | D:1      | Reached skill level 3 in Stealth
   435 | D:1      | Reached skill level 4 in Stealth
   438 | D:1      | Reached XP level 3. HP: 17/23 MP: 5/5
   739 | D:2      | Found a sacrificial altar of Ru.
   919 | D:2      | Reached skill level 5 in Stealth
  1021 | D:3      | Found a shimmering altar of Xom.
  1022 | D:3      | Found a shimmering altar of Xom.
  1023 | D:3      | Found a shimmering altar of Xom.
  1025 | D:3      | Found a shimmering altar of Xom.
  1025 | D:3      | Found a shimmering altar of Xom.
  1025 | D:3      | Found a shimmering altar of Xom.
  1026 | D:3      | Found a shimmering altar of Xom.
  1026 | D:3      | Found a shimmering altar of Xom.
  1035 | D:3      | Reached XP level 4. HP: 23/28 MP: 6/6
  1083 | D:3      | Became a worshipper of Xom the Tricky
  1166 | D:3      | You fall through a shaft for 3 floors!
  1186 | D:5      | Entered Level 5 of the Dungeon
  1189 | D:5      | Reached skill level 6 in Stealth
  1194 | D:5      | Reached skill level 7 in Stealth
  1194 | D:5      | Reached XP level 5. HP: 31/33 MP: 7/7
  1286 | D:4      | Reached skill level 8 in Stealth
  1315 | D:4      | Reached XP level 6. HP: 38/38 MP: 8/8
  1387 | D:4      | XOM: divination: detect creatures
  1396 | D:4      | XOM: harmless Erth miscast
  1498 | D:4      | Reached skill level 9 in Stealth
  1600 | D:4      | XOM: confuse monster(s)
  1954 | D:1      | XOM: harmless Tloc miscast
  2420 | D:1      | XOM: harmless Necr miscast
  2488 | D:2      | XOM: colour smoke trail
  2787 | D:2      | XOM: vitrification
  3671 | D:2      | XOM: harmless Pois miscast
  3882 | D:2      | XOM: 2-stop teleportation journey
  5137 | D:2      | XOM: 3-stop teleportation journey
  5336 | D:2      | XOM: colour smoke trail
  5715 | D:3      | XOM: medium Air miscast
  6182 | D:3      | XOM: give mutations
  6182 | D:3      | Gained mutation: You are dopey. (Int -2) [Xom's mischief]
  6182 | D:3      | Gained mutation: You evolve. [Xom's mischief]
  6182 | D:3      | Lost mutation: You are dopey. (Int -2) [Xom's mischief]
  6182 | D:3      | Gained mutation: One of your tentacles bears a spike. [Xom's mischief]
  6206 | D:3      | XOM: harmless Hex miscast
  6222 | D:3      | Found a stormy altar of Qazlal.
  6345 | D:5      | XOM: 1-stop teleportation journey
  6346 | D:5      | Reached skill level 10 in Stealth
  6346 | D:5      | Reached XP level 7. HP: 43/43 MP: 9/9
  6389 | D:5      | XOM: chaos cloud
  6428 | D:5      | XOM: 2-stop teleportation journey
  6439 | D:5      | XOM: butterfly on damage
  6566 | D:5      | XOM: stat loss: -1 Int (11/14)
  6669 | D:5      | Gained mutation: You are partially covered in iridescent scales (AC +4). [evolution]
  6725 | D:5      | XOM: give mutation
  6725 | D:5      | Gained mutation: You are frail (-10% HP). [Xom's mischief]
  6982 | D:5      | Noticed Menkaure
  6992 | D:5      | XOM: smoke on damage
  6997 | D:5      | Killed Menkaure
  6997 | D:5      | Reached skill level 11 in Stealth
  7201 | D:5      | XOM: 2-stop teleportation journey
  7497 | D:5      | Noticed Grinder
  7502 | D:5      | Killed Grinder
  7502 | D:5      | Reached skill level 12 in Stealth
  7502 | D:5      | Reached XP level 8. HP: 43/43 MP: 10/10
  7974 | D:6      | Reached skill level 13 in Stealth
  7989 | D:6      | XOM: mild Ice miscast
  8454 | D:6      | XOM: medium Tloc miscast
  8877 | D:6      | Found a shadowy altar of Dithmenos.
  8877 | D:6      | Noticed Blork the orc
  8879 | D:6      | Found a stormy altar of Qazlal.
  8879 | D:6      | Found a burning altar of Makhleb.
  8880 | D:6      | Found an ancient bone altar of Kikubaaqudgha.
  8881 | D:6      | Found a deep blue altar of Sif Muna.
  8887 | D:6      | Killed Blork the orc
  8888 | D:6      | XOM: smoke on damage
  9057 | D:6      | XOM is BORED!
  9057 | D:6      | XOM: summons 2 hostile shadow creatures
  9203 | D:6      | Found a staircase to the Ecumenical Temple.
  9224 | D:6      | Reached skill level 14 in Stealth
  9405 | D:7      | Gained mutation: You are partially covered in icy blue scales (AC +1). [mutagenic meat]
  9417 | D:7      | Reached XP level 9. HP: 47/47 MP: 11/11
  9452 | D:7      | XOM: confusion (+ monsters)
  9462 | D:7      | Reached skill level 15 in Stealth
  9524 | D:7      | Found a shattered altar of Ashenzari.
  9596 | D:7      | Found a sparkling altar of Nemelex Xobeh.
  9846 | D:8      | XOM: mild Air miscast
  9898 | D:8      | XOM: give mutations
  9898 | D:8      | Gained mutation: You are very frail (-20% HP). [Xom's mischief]
  9898 | D:8      | Gained mutation: Your spells are a little harder to cast, but a little more powerful. [Xom's mischief]
  9928 | D:8      | XOM: chaos upgrade
  9937 | D:8      | XOM: harmless Air miscast
 10177 | D:8      | XOM: 2-stop teleportation journey
 10183 | D:8      | Found a flagged portal.
 10189 | D:8      | Reached skill level 16 in Stealth
 10263 | Bailey   | Entered a bailey
 10279 | Bailey   | Noticed PeterLawrence's ghost (journeyman GrFi)
 10314 | Bailey   | Noticed an orc knight
 10436 | Bailey   | XOM: harmless Tloc miscast
 10443 | Bailey   | Lost mutation: You evolve. [potion of mutation]
 10443 | Bailey   | Gained mutation: You tend to lose your temper in combat. [potion of mutation]
 10443 | Bailey   | Gained mutation: You evolve. [potion of mutation]
 10457 | Bailey   | Hit by a tomahawk of returning thrown by a kobold

Vault maps used:
D:1:      dpeg_arrival_three_same_balls, minivault_27
D:2:      nicolae_ru_sacrificial_ziggurat
D:3:      xom_redecorated, nicolae_qazlal_eye_of_the_storm
D:5:      first_bread, uniq_grinder, uniq_menkaure
D:6:      grunt_temple_overflow_open, minmay_temple_entry_statues_pillars,
          uniq_blork_the_orc
D:7:      nicolae_ashenzari_panopticon, lemuel_doored_altar
D:8:      enter_bailey_2, david_nohive_1
Bailey:   bailey_axe_4, bailey

Skill      XL: |  1  2  3  4  5  6  7  8  9 |
---------------+----------------------------+-----
Stealth        | 2 4 5 7 8 10 12 14 16 | 16.0
Fighting       | |  1.0
Short Blades   | |  1.0
Dodging        | |  2.0
Evocations     | |  3.2

Action                   |  1- 3 |  4- 6 |  7- 9 || total
-------------------------+-------+-------+-------++-------
Melee: Short sword       |    40 |       |       ||    40
       Dagger            |    23 |   126 |   146 ||   295
       Halberd           |       |       |     3 ||     3
Evoke: Wand              |       |     6 |    17 ||    23
  Use: Scroll            |       |     6 |     8 ||    14
       Potion            |       |     5 |     7 ||    12
 Stab: Sleeping          |    16 |    22 |    18 ||    56
       Distracted        |       |     4 |     2 ||     6
       Confused          |       |       |     1 ||     1
  Eat: Chunk             |       |    14 |    14 ||    28
       Royal jelly       |       |     1 |       ||     1
       Beef jerky        |       |       |     1 ||     1
